 Dungeon Crawl Stone Soup version 0.19.1 (webtiles) character file.

465906 galech the Peltast (level 23, -10/232 HPs)
             Began as a Deep Dwarf Fighter on Dec 8, 2016.
             Was a Priest of Elyvilon.
             Splashed by a tengu reaver's acid (15 damage)
             ... on level 4 of the Vaults on Dec 10, 2016.
             The game lasted 06:38:19 (52059 turns).

galech the Peltast (Deep Dwarf Fighter)            Turns: 52059, Time: 06:38:20

Health: -10/232    AC: 33    Str: 25 (26) XL:     23   Next: 45%
Magic:  27/31      EV: 16    Int:  9      God:    Elyvilon [***...]
Gold:   1495       SH: 35    Dex: 24      Spells: 0 memorised, 22 levels left

rFire  + . .     SeeInvis .     w - +7 broad axe (elec)
rCold  . . .     Gourm    .     n - +9 plate armour "Segyife" {*Contam Regen+ Dex+8}
rNeg   + + .     Faith    .     s - +6 large shield of Ignorance {rN+ AC+4 Int-6 *Curse} (curse)
rPois  .         Spirit   .     k - +2 helmet "Poots" {rElec}
rElec  +         Reflect  +     z - +2 cloak
rCorr  .         Harm     .     K - +2 pair of gloves
MR     ++++.                    i - +2 pair of boots
Stlth  ..........               R - +5 amulet of reflection
                                C - ring "Eromoap" {rElec rF+ MR+}
                                F - ring of Gaabripua {+Blink Dex+4 Stlth+}

@: lethally poisoned (-10 -> -23), corroded, non-regenerating
A: damage resistance, recharge devices, clever 1, deterioration 1, negative
energy resistance 1, sense surroundings 3, slow regeneration 3
a: Device Recharging, Lesser Healing, Heal Other, Purification, Divine
Protection, Renounce Religion, Evoke Blink
}: 2/15 runes: decaying, gossamer


You were on level 4 of the Vaults.
You worshipped Elyvilon.
Elyvilon was most pleased with you.
You were very hungry.

You visited 10 branches of the dungeon, and saw 45 of its levels.
You also visited: Sewer, Bailey and Ice Cave.

You collected 5841 gold pieces.
You spent 4346 gold pieces at shops.

Inventory:

Hand Weapons
 w - a +7 broad axe of electrocution (weapon)
Armour
 i - a +2 pair of boots (worn)
 k - the +2 helmet "Poots" (worn) {rElec}
   (You found it in a bailey)

   It insulates you from electricity.
 n - the +9 plate armour "Segyife" (worn) {*Contam Regen+ Dex+8}
   (You found it in a bailey)

   It affects your dexterity (+8).
   It causes magical contamination when unequipped.
   It increases your rate of regeneration.
 s - the cursed +6 large shield of Ignorance (worn) {rN+ AC+4 Int-6 *Curse}
   (You bought it in a shop on level 2 of the Vaults)

   It affects your AC (+4).
   It affects your intelligence (-6).
   It protects you from negative energy.
   It may re-curse itself when equipped.
   It has a curse placed upon it.
 z - a +2 cloak (worn)
 K - a +2 pair of gloves (worn)
Jewellery
 l - the ring "Keritof" {+Inv rPois EV+6}
   (You found it on level 4 of the Depths)

   [ring of evasion]

   It affects your evasion (+6).
   It protects you from poison.
   It lets you turn invisible.
 y - an uncursed ring of protection from magic
 C - the ring "Eromoap" (right hand) {rElec rF+ MR+}
   (You took it off a vampire knight on level 4 of the Depths)

   [ring of protection from magic]

   It protects you from fire.
   It insulates you from electricity.
   It affects your resistance to hostile enchantments.
 F - the ring of Gaabripua (left hand) {+Blink Dex+4 Stlth+}
   (You found it on level 6 of the Lair of Beasts)

   [ring of stealth]

   It affects your dexterity (+4).
   It lets you blink.
   It makes you more stealthy.
 I - an uncursed ring of protection from fire
 N - an uncursed ring of flight
 P - the ring of Qitzett {-Tele rF+ rN+ Str+3 Dex+2}
   (You found it on level 4 of the Depths)

   [ring of strength]

   It affects your strength (+3).
   It affects your dexterity (+2).
   It protects you from fire.
   It protects you from negative energy.
   It prevents most forms of teleportation.
 R - a +5 amulet of reflection (around neck)
 S - an uncursed ring of see invisible
 T - the ring of Xom's Wantonness {rPois EV+3 Str+4 Slay-4}
   (You found it on level 1 of the Spider Nest)

   [ring of evasion]

   It affects your evasion (+3).
   It affects your strength (+4).
   It affects your accuracy and damage with ranged weapons and melee attacks
   (-4).
   It protects you from poison.
 W - the ring of Altruism {Ice Dex+2 Slay+2}
   (You found it on level 4 of the Lair of Beasts)

   [ring of ice]

   It enhances your ice magic.
   It affects your dexterity (+2).
   It affects your accuracy and damage with ranged weapons and melee attacks
   (+2).
   It makes you vulnerable to fire.
   It protects you from cold.
Wands
 c - a wand of hasting (7/9)
 e - a wand of heal wounds (0/9)
 j - a wand of polymorph (7/24)
 q - a wand of digging (12/24)
Scrolls
 r - 9 scrolls of remove curse
 t - a scroll of blinking
 v - 8 scrolls of teleportation
 x - 6 scrolls of enchant armour
 B - 2 scrolls of fog
 M - 6 scrolls of identify
 O - 3 scrolls of brand weapon
 Z - a scroll of holy word
Potions
 d - 6 potions of might
 f - a potion of invisibility
 h - 13 potions of flight
 m - a potion of resistance
 o - 6 potions of mutation
 p - 9 potions of curing
 u - 5 potions of cancellation
 A - 4 potions of heal wounds
 G - 2 potions of cure mutation
 J - 3 potions of berserk rage
 Q - a potion of ambrosia
 V - 9 potions of haste
Books
 E - a book of Alchemy

   Spells                             Type                      Level
   a - Sublimation of Blood           Necromancy                   2
   b - Ignite Poison                  Fire/Transmutation/Poison    3
   c - Petrify                        Transmutation/Earth          4
   d - Alistair's Intoxication        Transmutation/Poison         5
   e - Irradiate                      Conjuration/Transmutation    5
Miscellaneous
 a - 2 sacks of spiders
 b - 3 phantom mirrors
Comestibles
 g - 11 slices of pizza
 D - 27 meat rations
 H - 14 beef jerkies
 L - 6 chunks of flesh
 Y - a fruit


   Skills:
 + Level 19.3 Fighting
 - Level 20.5 Axes
 - Level 16.9 Armour
 + Level 11.2 Dodging
 - Level 3.0 Stealth
 - Level 20.6 Shields
 + Level 20.6 Invocations
 - Level 2.7 Evocations


You had 22 spell levels left.
You didn't know any spells.

Dungeon Overview and Level Annotations

Branches:
Dungeon (15/15)            Temple (1/1) D:5            Lair (6/6) D:9
  Swamp (4/4) Lair:4       Spider (4/4) Lair:2        Slime (1/5) Lair:5
    Orc (2/2) D:10            Elf (2/3) Orc:2        Vaults (5/5) D:13
  Crypt (0/3) Vaults:3     Depths (5/5) D:15            Zot (0/5) Depths:5

Altars:
Ashenzari
Cheibriados
Elyvilon
Fedhas
Gozag
Hepliaklqana
Kikubaaqudgha
Makhleb
Nemelex Xobeh
Qazlal
Ru
Sif Muna
Uskayaw
Vehumet
Xom
Yredelemnul
Zin
The Shining One
Beogh
Jiyva
Lugonu

Shops:
Orc:2 }(!=[   Elf:1 [!   Vaults:2 [   Depths:1 %   Depths:3 }==

Portals:
Hell: Depths:1 Depths:2 Depths:3 Depths:4 Depths:5
Abyss: Depths:1 Depths:2 Depths:4 Depths:5
Pandemonium: Depths:1 Depths:3
Ziggurat: Depths:3
Trove: Vaults:1 (give 14 potions of heal wounds)

Annotations:
Elf:2 3 runed doors, Saint Roka


Innate Abilities, Weirdness & Mutations

You are resistant to damage.
You can recharge devices by infusing magical energy.
You resist negative energy. (rN+)
You passively map a large area around you.
You do not regenerate.
Your mind is acute. (Int +2)
Your body sometimes deteriorates upon taking damage.


Message History

* * * LOW HITPOINT WARNING * * *
You slash the fire giant!
The fire giant is almost dead.
You slice the tengu reaver!!
There is a sudden explosion of sparks!
The tengu reaver points at you and mumbles some strange words.
The bolt of poison hits you!
You are more poisoned.
* * * LOW HITPOINT WARNING * * *
The battlesphere fires!
The barrage of energy hits you!
* * * LOW HITPOINT WARNING * * *
You block the fire giant's attack.
You are healed.
You are feeling very hungry.
* * * LOW HITPOINT WARNING * * *
You feel very sick.
The tengu reaver gestures at you while chanting.
The bolt of acid hits you!
* * * LOW HITPOINT WARNING * * *
You are splashed with acid!
The acid burns!
You die...

[............#.....#...........#.
.........#####.....#####.......#.
.........#.............#.......#.
.........#.............#.......##
.).......#.)........>..#.........
.[.....###.............######'###
((....##.................##.....#
..(...#........[[C........#..#...
.[(((.#........[@).*......'..#...
......#........)[Q........#..##..
).....##))...............##..####
.......#)#.............####..####
........[#.....###..>..#..#..##..
.........#....##.##....#..#..#...
.........#....#...#....#..#..#...
.........######...######..#.....#
..........................#######


You could see a fire giant, a tengu reaver and a battlesphere.

Vanquished Creatures
  2 greater mummies (Depths:3)
  The ghost of StormySan the Axe Maniac, an adept MiBe of Trog (Depths:4)
  A golden dragon (Depths:5)
  Arachne (Spider:4)
  The ghost of Yermak the Devastator, an adept TeAE of Sif Muna (Vaults:2)
  A tentacled monstrosity (Swamp:3)
  A titan (Depths:2)
  2 liches
  An acid blob (Slime:1)
  8 sphinxes
  4 thorn hunters
  2 tengu reavers
  Agnes (D:15)
  2 storm dragons
  Kirke (Spider:3)
  A shadow dragon (Depths:4)
  Donald (Swamp:2)
  6 draconian monks (Depths:5)
  8 vault wardens
  9 fire giants
  7 ghost moths
  8 frost giants
  An iron dragon (Depths:4)
  2 azure jellies (Slime:1)
  2 deep elf sorcerers
  An emperor scorpion (Spider:3)
  A balrug (Depths:5)
  A draconian scorcher (Depths:5)
  2 angels (Elf:1)
  2 orc warlords (Depths:4)
  3 ironheart preservers
  The ghost of Philosophy the Cruncher, a journeyman FoFi of Okawaru (D:15)
  11 very ugly things
  3 green draconians (Depths:5)
  9 stone giants
  7 entropy weavers
  Nessos (D:15)
  8 dire elephants
  7 vampire knights
  Azrael (D:12)
  3 black draconians (Depths:5)
  9 spark wasps
  A deep elf demonologist (Depths:3)
  4 purple draconians (Depths:5)
  2 deep elf annihilators
  4 red draconians (Depths:5)
  4 white draconians (Depths:5)
  3 mummy priests (Depths:3)
  4 deep elf death magi
  7 ettins
  A merfolk impaler (Depths:3)
  16 fire dragons
  A deep elf high priest (Elf:1)
  18 ogre magi
  The ghost of Yurafenix the Protected, a journeyman MiFi of Trog (Orc:1)
  The ghost of Scuka the Fighter, a journeyman DrSu of Sif Muna (Lair:3)
  4 great orbs of eyes
  13 yaktaur captains
  19 hydras
  32 vault guards
  6 ice dragons
  7 rakshasas
  A ghost crab (shapeshifter) (Depths:4)
  Harold (D:12)
  A ghost crab (Swamp:3)
  A spriggan air mage (Depths:4)
  An anaconda (Lair:6)
  A catoblepas (D:15)
  2 death knights (Depths:4)
  7 alligators
  16 dancing weapons
  10 deep troll shamans
  7 centaur warriors
  A merfolk aquamancer (Depths:4)
  5 tengu warriors
  2 vampire magi (Depths:4)
  3 spriggan berserkers
  A death yak (Lair:4)
  Urug (D:10)
  14 deep troll earth magi
  2 sun demons (Depths:5)
  11 deep elf knights
  A fire crab (shapeshifter) (Vaults:4)
  8 iron trolls
  2 hell knights
  3 unseen horrors
  3 glowing orange brains
  4 flayed ghosts
  An unseen horror (shapeshifter) (Depths:3)
  24 deep trolls
  9 wizards
  A death drake (Depths:5)
  10 swamp dragons
  A spriggan druid (Swamp:4)
  2 lindwurms (Depths:5)
  7 hill giants
  11 deep elf archers
  16 orc knights
  5 phantasmal warriors
  12 wolf spider zombies (Spider:1)
  7 ironbrand convokers
  3 necromancers
  13 harpies
  An orc sorcerer (Vaults:4)
  22 orb spiders
  47 deep elf magi
  2 manticores
  39 wolf spiders
  2 orb spiders (shapeshifter)
  2 salamanders (shapeshifter) (Vaults:4)
  38 ugly things
  67 slime creatures
  7 cyclopes
  A shining eye (Slime:1)
  3 moths of wrath
  A fire giant skeleton (Vaults:2)
  10 elephants
  14 vault sentinels
  7 black mambas
  A black mamba (shapeshifter) (Vaults:3)
  4 centaur zombies
  An eye of devastation (Slime:1)
  2 naga magi (Vaults:3)
  3 gargoyles
  2 torpor snails
  A spriggan skeleton (Depths:1)
  A rime drake (shapeshifter) (Vaults:3)
  18 spiny frogs
  A yaktaur (shapeshifter) (Vaults:2)
  6 komodo dragons
  43 yaktaurs
  17 demonic crawlers
  2 kobold demonologists
  3 anaconda simulacra (IceCv)
  6 freezing wraiths
  12 redback zombies (Spider:1)
  2 tengu conjurers
  2 guardian mummies (Depths:3)
  7 trolls
  41 jumping spiders
  3 jumping spiders (shapeshifter)
  A tengu simulacrum (Vaults:2)
  A merfolk (Depths:4)
  29 two-headed ogres
  A polar bear (Vaults:2)
  3 wind drakes (Depths:5)
  3 tyrant leeches
  A hornet (shapeshifter) (Depths:5)
  19 hornets
  A meliai (shapeshifter) (Elf:1)
  6 tarantella zombies (Spider:1)
  4 blink frogs
  12 hippogriffs
  10 dream sheep
  A hippogriff (shapeshifter) (Vaults:3)
  3 bog bodies
  A spriggan (shapeshifter) (Vaults:1)
  Sigmund (D:3)
  18 tarantellas
  6 water elementals
  An ettin skeleton (Vaults:2)
  2 shadows
  5 spriggans
  4 wraiths
  58 redbacks
  An elf skeleton (Depths:1)
  11 hogs
  4 hungry ghosts
  4 wyverns
  2 golden eyes (Slime:1)
  56 yaks
  A human (D:8)
  4 basilisks
  6 fire elementals
  2 golden eyes (shapeshifter) (Vaults:3)
  9 vampire mosquitoes
  The ghost of azzavlup the Ducker, an amateur MfIE (D:3)
  6 insubstantial wisps (Swamp:4)
  2 harpy simulacra (IceCv)
  2 mottled dragons
  8 wargs
  26 swamp worms
  11 water moccasins
  3 hell hounds (D:12)
  3 floating eyes
  11 swamp drakes
  2 porcupines
  A black bear (shapeshifter) (Depths:5)
  9 ice beasts
  43 orc warriors
  2 sky beasts
  A sky beast (shapeshifter) (Depths:5)
  3 black bears
  78 ogres
  5 eyes of draining
  4 phantoms
  A wolf (shapeshifter) (Depths:1)
  8 boggarts
  16 wolves
  14 centaurs
  12 crocodiles
  A yaktaur zombie (Depths:1)
  5 big kobolds
  A wyvern zombie (D:14)
  19 bullfrogs
  2 gnoll sergeants
  2 earth elementals
  A wyvern skeleton (D:11)
  3 scorpions
  16 killer bees
  A troll zombie (D:10)
  15 wights
  3 howler monkeys
  5 electric eels
  4 crimson imps
  A bullfrog zombie (D:10)
  A hound (D:7)
  13 orc priests
  3 jellies
  Crazy Yiuf (D:3)
  9 centaur skeletons
  25 orc wizards
  2 bullfrog skeletons
  An iron imp (Depths:2)
  6 iguanas
  4 worker ants
  5 ogre zombies (D:10)
  2 mummies (Depths:3)
  A worker ant zombie (D:9)
  A hound skeleton (D:9)
  8 gnolls
  22 adders
  4 shadow imps
  10 oozes
  2 adder skeletons
  4 worms
  2 dart slugs (D:2)
  14 leopard geckos
  109 orcs
  16 ball pythons
  11 giant cockroaches
  17 goblins
  3 hobgoblins
  8 jackals
  22 kobolds
  10 quokkas
  8 bats
  21 frilled lizards
  A goblin skeleton (D:10)
  2 goblin zombies (D:10)
  4 hobgoblin skeletons (D:10)
  2 hobgoblin zombies (D:10)
  A leopard gecko skeleton (D:5)
  2 orc skeletons (D:10)
  8 orc zombies (D:10)
  9 rats
  11 briar patches
  4 crawling corpses
  8 fungi
  11 plants
2034 creatures vanquished.

Vanquished Creatures (others)
  A fire giant (Depths:5)
  An emperor scorpion (Spider:4)
  2 stone giants
  A spark wasp (Spider:4)
  4 yaktaur captains
  2 centaur warriors
  2 ogre magi
  A deep elf knight (Elf:1)
  A swamp dragon (Swamp:4)
  2 deep elf archers
  3 lindwurms (Swamp:4)
  A deep elf mage (Vaults:2)
  2 cyclopes (Vaults:2)
  15 yaktaurs
  A slime creature (Vaults:1)
  2 centaurs (D:15)
  An ogre (Depths:2)
  An orc wizard (Vaults:1)
  An orc (Depths:4)
  5 briar patches (Swamp:4)
  3 fungi
  6 plants
  7 toadstools (Lair:4)
65 creatures vanquished.

Grand Total: 2099 creatures vanquished

Notes
Turn   | Place    | Note
-------+----------+-------------------------------------------
     0 | D:1      | galech the Deep Dwarf Fighter began the quest for the Orb.
     0 | D:1      | Reached XP level 1. HP: 20/20 MP: 1/1
   179 | D:1      | Reached XP level 2. HP: 18/27 MP: 2/2
   484 | D:1      | Reached XP level 3. HP: 14/34 MP: 3/3
   887 | D:2      | Found a faded altar of an unknown god.
  1079 | D:2      | Reached skill level 1 in Dodging
  1110 | D:2      | Reached XP level 4. HP: 30/42 MP: 4/4
  1634 | D:3      | Noticed azzavlup's ghost (amateur MfIE)
  1699 | D:4      | Found a burning altar of Makhleb.
  1699 | D:4      | Found a shattered altar of Ashenzari.
  1701 | D:4      | Found a hide-covered altar of Uskayaw.
  1701 | D:4      | Found a stormy altar of Qazlal.
  1708 | D:4      | Found a white marble altar of Elyvilon.
  1708 | D:4      | Found a hazy altar of Hepliaklqana.
  1709 | D:4      | Found a sparkling altar of Nemelex Xobeh.
  1716 | D:4      | Became a worshipper of Elyvilon the Healer
  2018 | D:4      | Found a glowing drain.
  2022 | Sewer    | Entered a sewer
  2074 | Sewer    | Reached XP level 5. HP: 34/49 MP: 5/5
  2355 | Sewer    | Reached XP level 6. HP: 20/56 MP: 6/6
  2585 | D:4      | Reached * piety under Elyvilon
  2617 | D:4      | You fall through a shaft!
  2617 | D:5      | Entered Level 5 of the Dungeon
  2628 | D:5      | Reached skill level 5 in Axes
  3275 | D:3      | Found a runed door.
  3279 | D:3      | Noticed Crazy Yiuf
  3291 | D:3      | Killed Crazy Yiuf
  3384 | D:3      | Noticed Sigmund
  3390 | D:3      | Killed Sigmund
  3390 | D:3      | Reached skill level 5 in Armour
  3390 | D:3      | Reached skill level 1 in Stealth
  3390 | D:3      | Reached skill level 5 in Shields
  3390 | D:3      | Reached XP level 7. HP: 43/62 MP: 7/7
  3499 | D:3      | Reached ** piety under Elyvilon
  3646 | D:3      | Killed azzavlup's ghost
  3698 | D:3      | Found a sacrificial altar of Ru.
  4459 | D:5      | Reached skill level 1 in Invocations
  4459 | D:5      | Reached XP level 8. HP: 42/72 MP: 7/7
  4550 | D:5      | Found a staircase to the Ecumenical Temple.
  4568 | Temple   | Entered the Ecumenical Temple
  4801 | D:5      | Reached *** piety under Elyvilon
  5883 | D:7      | Noticed a hippogriff
  5895 | D:7      | Killed a hippogriff
  6277 | D:7      | Found a glowing golden altar of the Shining One.
  6343 | D:7      | Reached **** piety under Elyvilon
  6502 | D:8      | Gained mutation: You passively map the area around you. [Deep Dwarf growth]
  6502 | D:8      | Reached XP level 9. HP: 48/79 MP: 5/9
  6716 | D:8      | Found a blossoming altar of Fedhas.
  6722 | D:8      | Reached skill level 5 in Fighting
  6903 | D:8      | Found a deep blue altar of Sif Muna.
  7465 | D:9      | Found a staircase to the Lair.
  7466 | D:9      | Noticed a komodo dragon
  7506 | D:9      | Killed a komodo dragon
  7506 | D:9      | Reached XP level 10. HP: 40/88 MP: 11/11
  7523 | Lair:1   | Entered Level 1 of the Lair of Beasts
  7523 | Lair:1   | Noticed a black mamba
  7540 | Lair:1   | Killed a black mamba
  7799 | Lair:1   | Reached skill level 5 in Invocations
  7799 | Lair:1   | Reached skill level 1 in Evocations
  7987 | Lair:1   | Reached skill level 10 in Axes
  7994 | Lair:1   | Noticed a spiny frog
  8016 | Lair:1   | Killed a spiny frog
  8080 | Lair:1   | Noticed a seven-headed hydra
  8601 | D:10     | Entered Level 10 of the Dungeon
  8759 | D:10     | Noticed Urug
  8816 | D:10     | Killed Urug
  9011 | D:10     | Found a staircase to the Orcish Mines.
  9053 | D:10     | Reached XP level 11. HP: 78/98 MP: 12/12
 10285 | D:11     | Noticed a six-headed hydra
 10409 | Orc:1    | Entered Level 1 of the Orcish Mines
 10409 | Orc:1    | Noticed an orc knight
 10477 | Orc:1    | Killed an orc knight
 10503 | Orc:1    | Found a roughly hewn altar of Beogh.
 10699 | Orc:2    | Entered Level 2 of the Orcish Mines
 10750 | Orc:2    | Found Bucaad's Armour Shop.
 10805 | Orc:2    | Found a staircase to the Elven Halls.
 11009 | Orc:2    | Found a roughly hewn altar of Beogh.
 11211 | Orc:2    | Noticed an ogre mage
 11219 | Orc:2    | Noticed an ogre mage
 11223 | Orc:2    | Killed an ogre mage
 11223 | Orc:2    | Reached XP level 12. HP: 68/110 MP: 14/14
 11227 | Orc:2    | Noticed an ogre mage
 11230 | Orc:2    | Noticed an ogre mage
 11233 | Orc:2    | Killed an ogre mage
 11243 | Orc:2    | Killed an ogre mage
 11249 | Orc:2    | Killed an ogre mage
 11295 | Orc:2    | Found Ydycvuymn's Jewellery Shoppe.
 11295 | Orc:2    | Found Muukogr Bamm's Weapon Shop.
 11296 | Orc:2    | Found Geluzav's Distillery.
 11296 | Orc:2    | Found Eziudekhey's Gadget Emporium.
 11627 | Orc:1    | Noticed Yurafenix's ghost (journeyman MiFi)
 11630 | Orc:1    | Noticed a stone giant
 11678 | Orc:2    | Killed a stone giant
 11729 | Orc:1    | Killed Yurafenix's ghost
 12059 | Orc:2    | Bought the +3 ice dragon scales of Noughts and Crosses {rF- rC++ Dex+3 SInv} for 1572 gold pieces
 12301 | D:11     | Killed a 12-headed hydra
 12301 | D:11     | Reached skill level 10 in Armour
 12301 | D:11     | Reached skill level 10 in Shields
 12807 | D:11     | Reached XP level 13. HP: 97/118 MP: 15/15
 13079 | D:12     | Found a flagged portal.
 13093 | Bailey   | Entered a bailey
 13414 | Bailey   | Got a heavily runed helmet
 13420 | Bailey   | Identified the +2 helmet "Poots" {rElec} (You found it in a bailey)
 13425 | Bailey   | Got a pitted plate armour
 13436 | Bailey   | Identified the +9 plate armour "Segyife" {*Contam Regen+ Dex+8} (You found it in a bailey)
 13596 | D:12     | Noticed Harold
 13610 | D:12     | Killed Harold
 13646 | D:12     | Noticed Azrael
 13716 | D:12     | Killed Azrael
 13972 | D:12     | Reached skill level 15 in Axes
 14395 | D:13     | Gained mutation: You are clumsy. (Dex -2) [mutagenic meat]
 14429 | D:13     | Found a gate to the Vaults.
 15148 | Elf:1    | Entered Level 1 of the Elven Halls
 15175 | Elf:1    | Gained mutation: You expend magic power (3 MP) to strengthen your wands. [a neqoxec]
 15259 | Elf:1    | Found Educofal's Distillery.
 15261 | Elf:1    | Found a frozen archway.
 15277 | Elf:1    | Gained mutation: You resist negative energy. (rN+) [Deep Dwarf growth]
 15277 | Elf:1    | Reached XP level 14. HP: 96/130 MP: 16/16
 15305 | IceCv    | Entered an ice cave
 15348 | IceCv    | Noticed a white very ugly thing
 15365 | IceCv    | Killed a white very ugly thing
 15372 | IceCv    | Gained mutation: You are resistant to hostile enchantments. (MR+) [mutagenic meat]
 15391 | IceCv    | Got a thick robe
 15430 | Elf:1    | Identified the cursed +1 robe of Eternal Night {rF+ Stlth+} (You found it in an ice cave)
 15618 | Elf:1    | Reached skill level 10 in Fighting
 15689 | Elf:1    | Identified the Volume of Battle Magic
 15770 | Elf:1    | Found Nolytum's Antique Armour Shoppe.
 16377 | Elf:1    | Noticed an angel
 16378 | Elf:1    | Found a white marble altar of Elyvilon.
 16379 | Elf:1    | Found a glowing silver altar of Zin.
 16391 | Elf:1    | Found a glowing golden altar of the Shining One.
 16393 | Elf:1    | Noticed an angel
 16608 | Elf:1    | Killed an angel
 16751 | Elf:1    | Killed an angel
 16816 | Elf:1    | Reached skill level 10 in Invocations
 16951 | Elf:1    | Gained mutation: You are frail. (-10% HP) [mutagenic meat]
 16952 | Elf:1    | Gained mutation: Your mind is acute. (Int +2) [mutagenic meat]
 17045 | Orc:2    | Bought a +4 battleaxe of draining for 370 gold pieces
 17181 | Elf:2    | Reached skill level 5 in Dodging
 17262 | Elf:2    | Reached XP level 15. HP: 115/126 MP: 18/18
 17742 | Elf:2    | Found a runed gate.
 17742 | Elf:2    | Found a runed gate.
 17743 | Elf:2    | Found a runed gate.
 17760 | Elf:2    | Noticed Saint Roka
 18745 | D:14     | Found a blossoming altar of Fedhas.
 18806 | D:14     | Found a hazy altar of Hepliaklqana.
 18926 | D:14     | Found a hazy altar of Hepliaklqana.
 19095 | D:15     | Entered Level 15 of the Dungeon
 19253 | D:15     | Found a staircase to the Depths.
 19416 | D:15     | Noticed Agnes
 19435 | D:15     | Killed Agnes
 19580 | D:15     | Noticed Nessos
 19604 | D:15     | Killed Nessos
 19623 | D:15     | Gained mutation: Your body sometimes deteriorates upon taking damage. [mutagenic meat]
 19780 | D:15     | Gained mutation: Your muscles are strong. (Str +2) [mutagenic meat]
 19797 | D:15     | Noticed Philosophy's ghost (journeyman FoFi)
 19816 | D:15     | Killed Philosophy's ghost
 20074 | Depths:1 | Entered Level 1 of the Depths
 20080 | Depths:1 | Found a runed door.
 20137 | Depths:1 | Gained mutation: You have large cloven feet. [mutagenic meat]
 20138 | Depths:1 | Gained mutation: Your spells are a little harder to cast, but a little more powerful. [mutagenic meat]
 20140 | Depths:1 | Gained mutation: You passively map a large area around you. [mutagenic meat]
 20191 | Depths:1 | Found a gateway to Hell.
 20207 | Depths:1 | Noticed a fire giant
 20236 | Depths:1 | Killed a fire giant
 20261 | Depths:1 | Noticed a fire giant
 20273 | Depths:1 | Killed a fire giant
 20317 | Depths:1 | Found Muts's Food Shop.
 20564 | Depths:1 | Noticed a fire giant
 20577 | Depths:1 | Killed a fire giant
 20577 | Depths:1 | Reached XP level 16. HP: 67/136 MP: 19/19
 20911 | Depths:1 | Found a one-way gate leading to the halls of Pandemonium.
 21541 | Depths:1 | Found a one-way gate to the infinite horrors of the Abyss.
 22494 | Lair:2   | Reached skill level 15 in Shields
 22563 | Lair:2   | Found a hole to the Spider Nest.
 22587 | Spider:1 | Entered Level 1 of the Spider Nest
 22796 | Spider:1 | Got a glittering ivory ring
 22800 | Spider:1 | Identified the ring of Xom's Wantonness {rPois EV+3 Str+4 Slay-4} (You found it on level 1 of the Spider Nest)
 23482 | Spider:2 | Reached ***** piety under Elyvilon
 25287 | Spider:3 | Reached XP level 17. HP: 105/145 MP: 20/20
 25300 | Spider:3 | Noticed Kirke
 25336 | Spider:3 | Killed Kirke
 26603 | Spider:4 | Entered Level 4 of the Spider Nest
 27517 | Spider:4 | Noticed Arachne
 27552 | Spider:4 | Killed Arachne
 27768 | Spider:4 | Got a gossamer rune of Zot
 28115 | Spider:4 | Mutation became permanent: You passively map a large area around you. [Deep Dwarf growth]
 28115 | Spider:4 | Reached XP level 18. HP: 85/153 MP: 21/21
 29249 | Lair:3   | Noticed Scuka's ghost (journeyman DrSu)
 29289 | Lair:3   | Killed Scuka's ghost
 30348 | Lair:4   | Found a shimmering altar of Xom.
 30349 | Lair:4   | Found a glowing golden altar of the Shining One.
 30365 | Lair:4   | Got a vibrating iron ring
 30366 | Lair:4   | Identified the ring of Altruism {Ice Dex+2 Slay+2} (You found it on level 4 of the Lair of Beasts)
 30655 | Lair:4   | Found a staircase to the Swamp.
 30808 | Lair:4   | Found a runed door.
 30901 | Lair:4   | Identified the Papyrus of Flight
 31406 | Lair:5   | Found a viscous altar of Jiyva.
 31406 | Lair:5   | Found a staircase to the Slime Pits.
 31506 | Swamp:1  | Entered Level 1 of the Swamp
 32491 | Swamp:2  | Noticed Donald
 32501 | Swamp:2  | Killed Donald
 33935 | Swamp:3  | Noticed a tentacled monstrosity
 33947 | Swamp:3  | Killed a tentacled monstrosity
 34035 | Swamp:4  | Entered Level 4 of the Swamp
 34608 | Swamp:4  | Reached XP level 19. HP: 129/163 MP: 21/23
 34827 | Swamp:4  | Got a decaying rune of Zot
 35759 | Lair:6   | Entered Level 6 of the Lair of Beasts
 36063 | Lair:6   | Lost mutation: You are clumsy. (Dex -2) [potion of cure mutation]
 36063 | Lair:6   | Lost mutation: Your muscles are strong. (Str +2) [potion of cure mutation]
 36063 | Lair:6   | Lost mutation: You have large cloven feet. [potion of cure mutation]
 36063 | Lair:6   | Lost mutation: You are frail. (-10% HP) [potion of cure mutation]
 36063 | Lair:6   | Lost mutation: You are resistant to hostile enchantments. (MR+) [potion of cure mutation]
 36063 | Lair:6   | Lost mutation: You expend magic power (3 MP) to strengthen your wands. [potion of cure mutation]
 36063 | Lair:6   | Lost mutation: Your spells are a little harder to cast, but a little more powerful. [potion of cure mutation]
 36461 | Lair:6   | Reached ****** piety under Elyvilon
 36764 | Lair:6   | Identified the Guide on Floating Darkness
 36775 | Lair:6   | Got a sparkling bone ring
 36777 | Lair:6   | Identified the ring of Gaabripua {+Blink Dex+4 Stlth+} (You found it on level 6 of the Lair of Beasts)
 37325 | Slime:1  | Entered Level 1 of the Pits of Slime
 37605 | Vaults:1 | Entered Level 1 of the Vaults
 38706 | Vaults:1 | Found a portal to a secret trove of treasure.
 39118 | Vaults:2 | Found Gutefea's Armour Boutique.
 39123 | Vaults:2 | Bought a +2 pair of boots for 198 gold pieces
 39123 | Vaults:2 | Bought the cursed +6 large shield of Ignorance {rN+ AC+4 Int-6 *Curse} for 562 gold pieces
 39444 | Vaults:2 | Noticed Yermak's ghost (adept TeAE)
 39485 | Vaults:2 | Killed Yermak's ghost
 39652 | Vaults:2 | Reached XP level 20. HP: 165/193 MP: 24/24
 39679 | Vaults:2 | Reached skill level 15 in Fighting
 40040 | Vaults:2 | Reached skill level 15 in Armour
 41059 | Vaults:3 | Found a staircase to the Crypt.
 41059 | Vaults:3 | Found a basalt altar of Yredelemnul.
 41059 | Vaults:3 | Found an ancient bone altar of Kikubaaqudgha.
 42356 | Vaults:3 | Found a radiant altar of Vehumet.
 43847 | Depths:2 | Reached XP level 21. HP: 131/206 MP: 25/25
 43965 | Depths:2 | Found a corrupted altar of Lugonu.
 45037 | Depths:2 | Paralysed by a floating eye for 4 turns
 45470 | Depths:3 | Found a gateway to a ziggurat.
 45882 | Depths:3 | Found Halaadad's Gadget Emporium.
 45882 | Depths:3 | Found Tuta's Jewellery Boutique.
 45883 | Depths:3 | Found Nexieq's Jewellery Boutique.
 45891 | Depths:3 | Bought an uncursed ring of see invisible for 195 gold pieces
 45894 | Depths:3 | Bought a wand of hasting (7/9) for 924 gold pieces
 45908 | Depths:3 | Bought an uncursed ring of protection from fire for 525 gold pieces
 46007 | Depths:3 | Reached skill level 15 in Invocations
 46051 | Depths:3 | Reached skill level 10 in Dodging
 46352 | Depths:3 | Noticed a greater mummy
 46378 | Depths:3 | Killed a greater mummy
 46387 | Depths:3 | Got a bloodstained mace {crush}
 46403 | Depths:3 | Noticed a greater mummy
 46424 | Depths:3 | Killed a greater mummy
 46738 | Depths:4 | Got a smoking copper ring
 46744 | Depths:4 | Identified the ring "Keritof" {+Inv rPois EV+6} (You found it on level 4 of the Depths)
 46847 | Depths:4 | Found an opulent altar of Gozag.
 46887 | Depths:4 | Paralysed by a floating eye for 2 turns
 47010 | Depths:4 | Reached XP level 22. HP: 218/218 MP: 23/29
 47035 | Depths:4 | Got a warped lapis lazuli ring
 47036 | Depths:4 | Identified the ring of Qitzett {-Tele rF+ rN+ Str+3 Dex+2} (You found it on level 4 of the Depths)
 47395 | Depths:4 | Got a coiled ivory ring
 47401 | Depths:4 | Identified the ring "Eromoap" {rElec rF+ MR+} (You took it off a vampire knight on level 4 of the Depths)
 47482 | Depths:4 | Noticed StormySan's ghost (adept MiBe)
 47549 | Depths:4 | Killed StormySan's ghost
 47640 | Depths:4 | Paralysed by a floating eye for 2 turns
 48029 | Depths:4 | Identified the Almanac of Lucky Poisoning
 48187 | Depths:5 | Entered Level 5 of the Depths
 48397 | Depths:5 | Noticed a golden dragon
 49040 | Depths:5 | Found a gate to the Realm of Zot.
 49499 | Depths:5 | Noticed a golden dragon
 49506 | Depths:5 | Killed a golden dragon
 49518 | Depths:5 | Got a steaming jade ring
 49520 | Depths:5 | Identified the ring of Raummobb {Wiz Str+4 Int+2 Dex+3} (You found it on level 5 of the Depths)
 50096 | Depths:5 | Reached XP level 23. HP: 230/230 MP: 30/30
 51936 | Vaults:5 | Entered Level 5 of the Vaults
 52052 | Vaults:4 | HP: 5/232 [fire giant/great sword of flaming (16)]
 52058 | Vaults:4 | HP: 6/232 [battlesphere[a tengu reaver] (21)]
 52059 | Vaults:4 | Splashed by a tengu reaver's acid

Skill      XL: |  1  2  3  4  5  6  7  8  9 10 11 12 13 14 15 16 17 18 19 20 21 22 23 |
---------------+----------------------------------------------------------------------+-----
Fighting       | 3 4 5 6 7 8 9 10 11 12 13 14 16 17 18 19 | 19.3
Dodging        | 1 2 3 4 5 6 10 11 | 11.2
Axes           | 3 4 5 8 9 10 13 14 16 17 18 19 20 | 20.5
Armour         | 4 5 6 7 8 9 10 11 12 13 14 16 | 16.9
Shields        | 4 5 7 8 9 10 11 13 14 16 17 19 20 | 20.6
Stealth        | 1 2 3 |  3.0
Invocations    | 1 2 3 5 7 8 9 10 11 12 13 16 19 20 | 20.6
Evocations     | 1 2 |  2.7

Action                   |  1- 3 |  4- 6 |  7- 9 | 10-12 | 13-15 | 16-18 | 19-21 | 22-24 || total
-------------------------+-------+-------+-------+-------+-------+-------+-------+-------++-------
Melee: War axe           |   137 |   313 |   197 |       |       |       |       |       ||   647
       Hand axe          |       |       |   335 |   224 |       |       |       |       ||   559
       Broad axe         |       |       |       |   486 |  1400 |  2118 |  1811 |   979 ||  6794
       Staff             |       |       |       |       |       |     1 |       |       ||     1
Invok: Lesser Healing    |       |     2 |    51 |   140 |   171 |   180 |   185 |   150 ||   879
       Greater Healing   |       |       |     2 |     5 |     5 |     6 |     2 |     2 ||    22
 Abil: Device Recharging |       |       |     1 |     3 |     1 |       |       |     1 ||     6
       Evoke Flight      |       |       |       |       |       |     1 |       |       ||     1
Evoke: Wand              |     1 |     2 |     6 |    15 |    11 |       |     3 |    11 ||    49
  Use: Scroll            |       |     1 |    21 |     3 |    12 |     6 |    11 |    12 ||    66
       Potion            |       |       |       |     1 |     1 |       |     1 |     3 ||     6
 Stab: Confused          |       |       |       |       |       |     1 |       |       ||     1
  Eat: Chunk             |     1 |     2 |    15 |    18 |    46 |    32 |    34 |    27 ||   175
       Bread ration      |       |     2 |       |     6 |       |     6 |     6 |     1 ||    21
       Fruit             |       |       |     4 |     8 |    14 |    25 |     4 |    10 ||    65
       Pizza             |       |       |     1 |       |     3 |       |       |       ||     4
       Meat ration       |       |       |       |       |     2 |       |     1 |       ||     3
Armor: Scale mail        |    64 |    17 |       |       |       |       |       |       ||    81
       Chain mail        |       |   250 |   315 |   247 |       |       |       |       ||   812
       Ring mail         |       |       |     3 |       |       |       |       |       ||     3
       Ice dragon scales |       |       |       |    66 |    35 |       |       |       ||   101
       Plate armour      |       |       |       |       |   669 |  1126 |   399 |   277 ||  2471
Dodge: Dodged            |    63 |   165 |   201 |   223 |   292 |   788 |   363 |   192 ||  2287
Block: Shield            |    21 |       |   166 |   437 |   361 |       |       |       ||   985
       Buckler           |    22 |   116 |    60 |       |       |       |       |       ||   198
       Large shield      |       |       |       |       |   919 |  3083 |  1958 |  1097 ||  7057
       Reflection        |       |       |       |       |    26 |    31 |   173 |    43 ||   273
